 Dungeon Crawl Stone Soup version 0.31-a0-214-gb37851dbb3 (webtiles) character file.

Game seed: 8676959497862632079

56 qw the Shooter (level 3, 0/29 HPs)
             Began as a Minotaur Hexslinger on July 1, 2023.
             Slain by a goblin
             ... wielding a +0 club
             ... led by Robin
              (6 damage)
             ... on level 2 of the Dungeon.
             The game lasted 00:00:26 (1182 turns).

qw the Shooter (Minotaur Hexslinger)                Turns: 1182, Time: 00:00:26

Health: 0/29       AC:  7    Str: 12    XL:     3   Next: 71%
Magic:  3/3        EV: 11    Int: 10    God:
Gold:   44         SH:  0    Dex: 14    Spells: 3/4 levels left

rFire   . . .        Y - +1 sling
rCold   . . .        (no shield)
rNeg    . . .        f - +0 ring mail
rPois   .            (helmet restricted)
rElec   .            (no cloak)
rCorr   .            (no gloves)
SInv    .            h - +1 pair of boots
Will    .....        (no amulet)
Stlth   +            (no ring)
HPRegen 0.24/turn    (no ring)
MPRegen 0.08/turn

%: no passive effects
@: no status effects
A: horns 2, retaliatory headbutt
a: no special abilities


You were on level 2 of the Dungeon.
You visited 1 branch of the dungeon, and saw 2 of its levels.

You collected 44 gold pieces.


Innate Abilities, Weirdness & Mutations

You have a pair of horns on your head.
You reflexively headbutt those who attack you in melee.


   Skills:
 - Level 2.0 Fighting
 + Level 4.0 Ranged Weapons
 - Level 1.3 Armour
 - Level 2.1 Dodging
 - Level 1.0 Spellcasting
 - Level 2.0 Hexes


You had 3 spell levels left.
You knew the following spells:

 Your Spells              Type           Power      Damage    Failure   Level
a - Slow                  Hex            16%        N/A       32%         1

Your spell library contained the following spells:

 Spells                   Type           Power      Damage    Failure   Level
 Inner Flame              Hex/Fire       2%         N/A       83%         3
 Portal Projectile        Hex/Tloc       4%         N/A       83%         3
 Cause Fear               Hex            2%         N/A       97%         4

Inventory:

Hand Weapons
 Y - a +1 sling (weapon)
Armour
 f - a +0 ring mail (worn)
 h - a +1 pair of boots (worn)
Jewellery
 a - a ring of willpower
Potions
 g - a potion of heal wounds {unknown}
 j - a potion of attraction {unknown}

Dungeon Overview and Level Annotations

Branches:
Dungeon (2/15)

Altars:


Message History

You kill the goblin!
You hear a shout!
The goblin barely misses you. You furiously retaliate!
You headbutt the goblin.
You kill the goblin!
You shoot a sling bullet. The sling bullet barely misses Robin.
A goblin comes into view. It is wielding a +0 club.
You shoot a sling bullet. The sling bullet closely misses Robin.
Robin hits you with a +0 club. Robin throws the goblin at you!
The goblin hits you but does no damage.
You shoot a sling bullet. The sling bullet hits Robin.
Robin is lightly wounded.
Robin hits you but does no damage.
A hobgoblin comes into view.
The goblin hits you with a +0 club.
You shoot a sling bullet. The sling bullet barely misses Robin.
Robin barely misses you. The goblin barely misses you.
You shoot a sling bullet. The sling bullet hits Robin.
Robin is moderately wounded.
Robin hits you but does no damage. The goblin hits you with a +0 club.
You shoot a sling bullet. The sling bullet hits Robin.
Robin is heavily wounded.
Robin hits you but does no damage. The goblin hits you with a +0 club.
Robin barely misses you. The goblin hits you with a +0 club.
You shoot a sling bullet.
The sling bullet hits Robin but does no damage.
Robin is heavily wounded.
The hobgoblin no longer looks unusually strong.
Robin roars a battlecry!
The hobgoblin goes into a battle-frenzy!
The goblin barely misses you.
You shoot a sling bullet. The sling bullet hits Robin.
Robin is almost dead.
Robin misses you. You furiously retaliate!
You headbutt Robin!
You kill Robin!
The goblin hits you with a +0 club.
Your Armour skill increases to level 1!
You shoot a sling bullet.
The sling bullet hits the hobgoblin but does no damage.
The goblin hits you with a +0 club.
You die... g# .# .### g.g

..# ..#
######g#
#..g@g)#
#.###### #.# #
#.# . #.# #.
#.# #.# #.#
#.###########.#
#...........#.#


You could see 2 hobgoblins and a goblin (strong).

Vanquished Creatures
  Robin (D:2)
  An adder (D:2)
  7 ball pythons (D:1)
  An endoplasm (D:1)
  4 hobgoblins
  3 quokkas (D:1)
  2 bats (D:1)
  2 frilled lizards
  8 goblins
  3 kobolds
  4 rats
36 creatures vanquished.

Notes
Turn   | Place    | Note
-------+----------+-------------------------------------------
     0 | D:1      | qw the Minotaur Hexslinger began the quest for the Orb.
     0 | D:1      | Reached XP level 1. HP: 16/16 MP: 1/1
     0 | D:1      | 0 ||| qw: Version: 0.3-a-32-g5962c71
     0 | D:1      | 0 ||| qw: Game counter: 7478
     0 | D:1      | 0 ||| qw: Melee chars always use a shield: true
     0 | D:1      | 0 ||| qw: God list: Okawaru
     0 | D:1      | 0 ||| qw: Allow faded altars: false
     0 | D:1      | 0 ||| qw: Do Orc after clearing Dungeon:15 true
     0 | D:1      | 0 ||| qw: Do second Lair branch before Depths: true
     0 | D:1      | 0 ||| qw: Lair rune preference: random
     0 | D:1      | 0 ||| qw: Goals: Normal
     0 | D:1      | 0 ||| PLANNING D:1-11
   102 | D:1      | Reached skill level 3 in Ranged Weapons
   106 | D:1      | Reached XP level 2. HP: 14/23 MP: 2/2
   911 | D:1      | 911 ||| UPGRADING to +0 ring mail.
   921 | D:1      | 921 ||| DROPPING +0 robe.
   922 | D:1      | 922 ||| UPGRADING to +1 pair of boots.
   927 | D:1      | 927 ||| READING scroll labelled HOESSELLARGH.
   928 | D:1      | 928 ||| READING scroll labelled TOSEID WESERR.
   929 | D:1      | 929 ||| READING scroll labelled ECECIX USUCZA.
   930 | D:1      | 930 ||| DROPPING scroll of poison.
   959 | D:2      | Reached XP level 3. HP: 29/29 MP: 3/3
  1164 | D:2      | Noticed Robin
  1165 | D:2      | 1165 ||| Stepping ~*~*~tactically~*~*~ (outnumbered).
  1167 | D:2      | 1167 ||| Stepping ~*~*~tactically~*~*~ (outnumbered).
  1172 | D:2      | Reached skill level 4 in Ranged Weapons
  1181 | D:2      | Killed Robin
  1181 | D:2      | HP: 6/29 [goblin/+0 club[Robin] (5)]
  1182 | D:2      | Reached skill level 1 in Armour
  1182 | D:2      | Slain by a goblin

Levels and vault maps discovered:
D:1:      evilmike_arrival_crescent, layout_basic, minmay_misc_feat_tiny,
          chequers_jeans, kennysheep_doodads
D:2:      layout_loops_ring, uniq_robin, uniq_crazy_yiuf_cottage

Skill      XL: |  1  2  3 |
---------------+----------+-----
Ranged Weapons | 3 4 |  4.0
Fighting       | 2 |  2.0
Armour         | 1 |  1.3
Dodging        | |  2.1
Spellcasting   | |  1.0
Hexes          | |  2.0

Action                     || total
---------------------------++-------
   Fire: Sling             ||   105
    Use: Scroll            ||     3
 Armour: Robe              ||     6
         Ring mail         ||    10
  Dodge: Dodged            ||    32

Table legend:
 A = Non-vault XP
 B = Vault XP
 C = Vault XP percentage of total XP
 D = Non-vault monster count
 E = Vault monster count
 F = Vault count percentage of total count
                 A         B        C        D         E       F
            +---------+---------+-------+---------+---------+-------
      Total |      57 |      24 |  29.6 |      30 |       6 |  16.7
            +---------+---------+-------+---------+---------+-------
        D:1 |      37 |       0 |   0.0 |      24 |       0 |   0.0
        D:2 |      20 |      24 |  54.5 |       6 |       6 |  50.0
            +---------+---------+-------+---------+---------+-------
